 Dungeon Crawl Stone Soup version 0.21.1-1-g345015f (webtiles) character file.

13167 inc the Quickloader (level 12, 0/93 HPs)
             Began as a Gnoll Hunter on June 9, 2018.
             Was an Initiate of Gozag.
             Killed from afar by an electric eel (2 damage)
             ... with a bolt of electricity
             ... on level 2 of the Lair of Beasts.
             The game lasted 00:35:22 (15943 turns).

inc the Quickloader (Gnoll Hunter)                 Turns: 15943, Time: 00:35:22

Health: 0/93       AC: 20    Str: 23    XL:     12   Next: 3%
Magic:  22/22      EV: 16    Int: 24    God:    Gozag
Gold:   1150       SH:  0    Dex: 16    Spells: 24/24 levels left

rFire    . . .     SeeInvis +   b - +3 mace (protect)
rCold    . . .     Gourm    .   (no shield)
rNeg     . . .     Faith    .   J - +4 ring mail of the City {Str+8 Int+3}
rPois    .         Spirit   .   B - +2 helmet {Int+3}
rElec    .         Reflect  .   (no cloak)
rCorr    .         Harm     .   p - +2 pair of gloves
MR       ++...                  g - +2 pair of boots
Stlth    ++++......             (no amulet)
HPRegen  0.25/turn              P - ring of protection from magic
MPRegen  0.18/turn              H - ring of see invisible

@: drained
A: distributed training, fangs 1, camouflage 1, magic resistance 1, MP-powered
wands, strong nose
a: Potion Petition, Call Merchant, Bribe Branch, Renounce Religion


You were on level 2 of the Lair of Beasts.
You worshipped Gozag.
Gozag was most pleased with you.
You were very hungry.

You visited 4 branches of the dungeon, and saw 16 of its levels.

You collected 2480 gold pieces.
You spent 800 gold pieces at shops.
You paid 530 gold pieces to Gozag.

Inventory:

Hand Weapons
 a - a +1 hand crossbow
 b - a +3 mace of protection (weapon)
 k - a +0 short sword
Missiles
 d - 68 bolts
Armour
 c - a +0 leather armour
 e - a +0 ring mail of cold resistance
 g - a +2 pair of boots (worn)
 p - a +2 pair of gloves (worn)
 y - a -2 plate armour
 A - a +1 hat
 B - a +2 helmet of intelligence (worn)
 D - the +0 leather armour of Gogg {*Contam +Fly Str+4}
   (You found it on level 5 of the Dungeon)

   It affects your strength (+4).
   It lets you fly.
   It causes magical contamination when unequipped.
 I - the +3 ring mail of Parts Unknown {rN+ MR- Dex+5}
   (You bought it in a shop on level 9 of the Dungeon)

   It affects your dexterity (+5).
   It protects you from negative energy.
   It affects your resistance to hostile enchantments.
 J - the +4 ring mail of the City (worn) {Str+8 Int+3}
   (You bought it in a shop on level 9 of the Dungeon)

   It affects your strength (+8).
   It affects your intelligence (+3).
 N - the +3 leather armour of the Endless Emperors {Str+4}
   (You found it on level 11 of the Dungeon)

   It affects your strength (+4).
 U - the +1 leather armour "Sadezxe" {Str+6}
   (You found it on level 1 of the Lair of Beasts)

   It affects your strength (+6).
Jewellery
 m - an uncursed ring of fire
 w - an uncursed ring of fire
 H - a ring of see invisible (right hand)
 O - a +4 ring of intelligence
 P - a ring of protection from magic (left hand)
 T - an uncursed ring of loudness
Wands
 r - a wand of flame (26)
 t - a wand of paralysis (28)
 x - a wand of enslavement (2)
 z - a wand of random effects (27)
 R - a wand of acid (8)
Scrolls
 i - a scroll of noise {unknown}
 j - 2 scrolls of magic mapping {unknown}
 l - 6 scrolls of amnesia
 o - 7 scrolls of remove curse
 q - 5 scrolls of identify
 v - 4 scrolls of teleportation
 E - 2 scrolls of enchant weapon {unknown}
 F - 4 scrolls of enchant armour
 G - a scroll of fog {unknown}
 L - a scroll of immolation {unknown}
 M - a scroll of random uselessness {unknown}
Potions
 h - 4 potions of curing
 n - 2 potions of ambrosia
 s - 2 potions of magic
 u - a potion of haste
 C - a potion of agility
 K - 2 potions of lignification
 Q - a potion of brilliance {unknown}
 S - a potion of resistance {unknown}
Comestibles
 f - 9 rations


   Skills:
 + Level 8.2(7.8) Fighting
 + Level 6.7(6.4) Short Blades
 + Level 6.7(6.4) Long Blades
 + Level 6.7(6.4) Axes
 + Level 6.7(6.4) Maces & Flails
 + Level 6.7(6.4) Polearms
 + Level 6.7(6.4) Staves
 + Level 6.7(6.4) Slings
 + Level 6.7(6.4) Bows
 + Level 10.8(10.4) Crossbows
 + Level 6.7(6.4) Throwing
 + Level 6.7(6.4) Armour
 + Level 8.2(7.8) Dodging
 + Level 7.2(6.8) Stealth
 + Level 6.7(6.4) Shields
 + Level 6.7(6.4) Unarmed Combat
 + Level 6.7(6.4) Spellcasting
 + Level 5.6(5.2) Conjurations
 + Level 5.6(5.2) Hexes
 + Level 5.6(5.2) Charms
 + Level 5.6(5.2) Summonings
 + Level 5.6(5.2) Necromancy
 + Level 5.6(5.2) Translocations
 + Level 5.6(5.2) Transmutations
 + Level 5.6(5.2) Fire Magic
 + Level 5.6(5.2) Ice Magic
 + Level 5.6(5.2) Air Magic
 + Level 5.6(5.2) Earth Magic
 + Level 5.6(5.2) Poison Magic
 + Level 7.4(7.0) Invocations
 + Level 6.7(6.4) Evocations


You had 24 spell levels left.
You didn't know any spells.

Dungeon Overview and Level Annotations

Branches:
Dungeon (12/15)            Temple (1/1) D:6            Lair (2/6) D:10
    Orc (1/2) D:11
  Swamp: Lair:2-4    Shoals: Lair:2-4     Snake: Lair:2-4    Spider: Lair:2-4

Altars:
Ashenzari
Cheibriados
Dithmenos
Elyvilon
Fedhas
Gozag
Hepliaklqana
Kikubaaqudgha
Makhleb
Nemelex Xobeh
Okawaru
Qazlal
Ru
Sif Muna
Trog
Uskayaw
Vehumet
Wu Jian
Xom
Yredelemnul
Zin
The Shining One
Beogh
Jiyva

Shops:
D:4 [[   D:5 (   D:7 (   D:8 (   D:9 [   D:11 ?[

Annotations:
D:3 Raikon's ghost, amateur HOFi
D:9 1 runed door
D:10 Maurice
Orc:1 satyrikal's ghost, journeyman GrMo


Innate Abilities, Weirdness & Mutations

Your experience applies equally to all skills.
You have very sharp teeth.
Your uncanny sense of smell can sniff out nearby items.
Your skin changes colour to match your surroundings (Stealth+).
You are resistant to hostile enchantments. (MR+)
You expend magic power (3 MP) to strengthen your wands.


Message History

The bolt of electricity hits you!
* * * LOW HITPOINT WARNING * * *
The electric eel shoots out a bolt of lightning at you!
The bolt of electricity hits you!
* * * LOW HITPOINT WARNING * * *
The electric eel shoots out a bolt of lightning at you!
The bolt of electricity misses you.
You hit the fungus but do no damage.
The electric eel shoots out a bolt of lightning at you!
The bolt of electricity hits you!
* * * LOW HITPOINT WARNING * * *
The electric eel shoots out a bolt of lightning at you!
The bolt of electricity hits you!
* * * LOW HITPOINT WARNING * * *
You thump the fungus!
The fungus is lightly damaged.
The electric eel shoots out a bolt of lightning at you!
The bolt of electricity hits you!
You die...
Your body crumbles into a pile of gold.

..≈≈.≈=.≈≈.........
....≈≈≈>≈(≈...........
#.....≈≈≈;;;...........# ##
#......≈................ ..
#.......................
..##.......................
...........................
.........................##
........>.......@........P#
..<#............P.......##
..###................#.##
.. ####PP........#### # .#
###.......## . #.......# .
##......### #........#
##.......##


You could see 3 electric eels.

Vanquished Creatures
  2 two-headed ogres
  An unseen horror (D:11)
  An ugly thing (D:11)
  A black mamba (Lair:2)
  A spiny frog (Lair:1)
  A komodo dragon (Lair:1)
  The ghost of diana the Ducker, a novice TeGl (D:5)
  A troll (D:9)
  The ghost of craydon the Chopper, an amateur MiFi (D:4)
  Grinder (D:5)
  5 hippogriffs
  The ghost of diana the Ducker, an amateur TeGl of Gozag (D:6)
  4 yaks
  2 basilisks (Lair:1)
  Menkaure (D:7)
  A hungry ghost (D:10)
  A steam dragon (D:8)
  A soldier ant (D:11)
  An acid dragon (D:11)
  A warg (Orc:1)
  5 water moccasins
  2 porcupines (Lair:1)
  Duvessa (D:5)
  2 orc warriors
  A necrophage (D:10)
  3 ice beasts
  2 black bears (D:8)
  2 phantoms
  6 sky beasts
  5 centaurs
  5 wolves (Lair:1)
  2 ogres (D:8)
  A crocodile (Lair:1)
  10 bullfrogs
  Dowan (D:5)
  2 scorpions
  11 killer bees
  5 wights
  4 crimson imps
  2 bullfrog zombies
  6 hounds
  4 jellies
  A centaur skeleton (D:8)
  4 orc priests
  11 orc wizards
  2 bullfrog skeletons
  5 iguanas
  Ijyb (D:3)
  13 worker ants
  A killer bee zombie (D:8)
  2 hound zombies
  A hound skeleton (D:7)
  A worker ant zombie (D:6)
  A howler monkey zombie (D:7)
  3 howler monkey skeletons
  A gnoll (D:1)
  7 adders
  2 shadow imps
  7 oozes
  2 adder zombies
  3 adder skeletons (D:9)
  3 dart slugs
  5 leopard geckos
  45 orcs
  5 ball pythons
  4 bats
  9 giant cockroaches
  2 goblins
  A hobgoblin (D:3)
  7 jackals
  9 kobolds
  2 quokkas
  6 frilled lizards
  A leopard gecko zombie (D:6)
  A quokka skeleton (D:8)
  9 rats
  A butterfly (D:9)
289 creatures vanquished.

Vanquished Creatures (others)
  A worker ant (D:8)
  6 fungi (Lair:1)
  A plant (Lair:1)
8 creatures vanquished.

Grand Total: 297 creatures vanquished

Notes
Turn   | Place    | Note
-------+----------+-------------------------------------------
     0 | D:1      | inc the Gnoll Hunter began the quest for the Orb.
     0 | D:1      | Reached XP level 1. HP: 20/20 MP: 1/1
   170 | D:1      | Found a shattered altar of Ashenzari.
   195 | D:1      | Reached XP level 2. HP: 14/26 MP: 2/2
   768 | D:1      | Reached XP level 3. HP: 15/31 MP: 3/3
  1334 | D:2      | Reached skill level 1 in Invocations
  1788 | D:2      | Gained mutation: You are occasionally teleported next to monsters. [potion of mutation]
  1788 | D:2      | Gained mutation: You are partially covered in yellow scales. (AC +2) [potion of mutation]
  1789 | D:2      | Reached skill level 1 in Short Blades
  1789 | D:2      | Reached skill level 1 in Long Blades
  1789 | D:2      | Reached skill level 1 in Axes
  1789 | D:2      | Reached skill level 1 in Maces & Flails
  1789 | D:2      | Reached skill level 1 in Polearms
  1789 | D:2      | Reached skill level 1 in Staves
  1789 | D:2      | Reached skill level 1 in Slings
  1789 | D:2      | Reached skill level 1 in Bows
  1789 | D:2      | Reached skill level 1 in Throwing
  1789 | D:2      | Reached skill level 1 in Armour
  1789 | D:2      | Reached skill level 1 in Shields
  1789 | D:2      | Reached skill level 1 in Unarmed Combat
  1789 | D:2      | Reached skill level 1 in Spellcasting
  1789 | D:2      | Reached skill level 1 in Evocations
  2092 | D:2      | Reached XP level 4. HP: 38/38 MP: 5/5
  2389 | D:3      | Lost mutation: You are occasionally teleported next to monsters. [potion of mutation]
  2389 | D:3      | Lost mutation: You are partially covered in yellow scales. (AC +2) [potion of mutation]
  2389 | D:3      | Gained mutation: You evolve. [potion of mutation]
  2389 | D:3      | Gained mutation: You are resistant to hostile enchantments. (MR+) [potion of mutation]
  2757 | D:3      | Noticed Ijyb
  2782 | D:3      | Reached skill level 1 in Conjurations
  2782 | D:3      | Reached skill level 1 in Hexes
  2782 | D:3      | Reached skill level 1 in Charms
  2782 | D:3      | Reached skill level 1 in Summonings
  2782 | D:3      | Reached skill level 1 in Necromancy
  2782 | D:3      | Reached skill level 1 in Translocations
  2782 | D:3      | Reached skill level 1 in Transmutations
  2782 | D:3      | Reached skill level 1 in Fire Magic
  2782 | D:3      | Reached skill level 1 in Ice Magic
  2782 | D:3      | Reached skill level 1 in Air Magic
  2782 | D:3      | Reached skill level 1 in Earth Magic
  2782 | D:3      | Reached skill level 1 in Poison Magic
  2783 | D:3      | Killed Ijyb
  2783 | D:3      | Reached XP level 5. HP: 39/43 MP: 5/7
  2848 | D:3      | Noticed Raikon's ghost (amateur HOFi)
  2897 | D:4      | Found Ywo Esag's Armour Emporium.
  2900 | D:4      | Bought a +1 helmet of intelligence for 181 gold pieces
  2958 | D:4      | Found Rotuen's Antique Armour Shop.
  3057 | D:4      | Noticed craydon's ghost (amateur MiFi)
  3060 | D:5      | Entered Level 5 of the Dungeon
  3100 | D:5      | Reached XP level 6. HP: 50/50 MP: 8/8
  3232 | D:5      | Noticed Grinder
  3253 | D:5      | Reached skill level 5 in Fighting
  3253 | D:5      | Reached skill level 5 in Dodging
  3406 | D:5      | Found Herem's Antique Weapon Emporium.
  3470 | D:5      | Paralysed by Grinder for 6 turns
  3491 | D:5      | Paralysed by Grinder for 4 turns
  3495 | D:5      | Killed Grinder
  3495 | D:5      | Reached XP level 7. HP: 20/56 MP: 10/10
  3687 | D:5      | Noticed Duvessa
  3688 | D:5      | Noticed Dowan
  3706 | D:5      | Killed Duvessa
  3721 | D:5      | Killed Dowan
  3721 | D:5      | Reached skill level 9 in Crossbows
  3802 | D:5      | Got a faintly glowing leather armour
  3882 | D:5      | Noticed diana's ghost (novice TeGl)
  3899 | D:5      | Identified the cursed +0 leather armour of Gogg {*Contam +Fly Str+4} (You found it on level 5 of the Dungeon)
  3983 | D:5      | Gained mutation: Your skin changes colour to match your surroundings (Stealth+). [evolution]
  3983 | D:5      | Lost mutation: You evolve. [end of evolution]
  3995 | D:6      | Found a staircase to the Ecumenical Temple.
  4050 | Temple   | Entered the Ecumenical Temple
  4257 | D:6      | Reached XP level 8. HP: 57/63 MP: 12/12
  4358 | Temple   | Became a worshipper of Gozag Ym Sagoz the Greedy
  4404 | D:6      | Noticed diana's ghost (amateur TeGl)
  4496 | D:5      | Killed diana's ghost
  4783 | D:4      | Found a deep blue altar of Sif Muna.
  4855 | D:4      | HP: 1/64 [craydon's ghost (12)]
  4857 | D:4      | Killed craydon's ghost
  5965 | D:6      | Reached XP level 9. HP: 69/69 MP: 14/14
  5984 | D:6      | Killed diana's ghost
  6239 | D:7      | Found Gulos's Weapon Shoppe.
  6239 | D:7      | Noticed Menkaure
  6248 | D:7      | Killed Menkaure
  6468 | D:7      | Found a white marble altar of Elyvilon.
  7297 | D:8      | Found a viscous altar of Jiyva.
  7403 | D:8      | Reached skill level 5 in Stealth
  7410 | D:8      | Found Yhunosejel's Antique Weapon Shoppe.
  8048 | D:8      | Reached skill level 5 in Invocations
  8227 | D:8      | Noticed a two-headed ogre
  8247 | D:8      | Killed a two-headed ogre
  8247 | D:8      | Reached XP level 10. HP: 32/77 MP: 15/17
  8398 | D:8      | Reached skill level 5 in Short Blades
  8398 | D:8      | Reached skill level 5 in Long Blades
  8398 | D:8      | Reached skill level 5 in Axes
  8398 | D:8      | Reached skill level 5 in Maces & Flails
  8398 | D:8      | Reached skill level 5 in Polearms
  8398 | D:8      | Reached skill level 5 in Staves
  8398 | D:8      | Reached skill level 5 in Slings
  8398 | D:8      | Reached skill level 5 in Bows
  8398 | D:8      | Reached skill level 5 in Throwing
  8398 | D:8      | Reached skill level 5 in Armour
  8398 | D:8      | Reached skill level 5 in Shields
  8398 | D:8      | Reached skill level 5 in Unarmed Combat
  8398 | D:8      | Reached skill level 5 in Spellcasting
  8398 | D:8      | Reached skill level 5 in Evocations
  8917 | D:8      | Found a stormy altar of Qazlal.
  9159 | D:9      | Found a hazy altar of Hepliaklqana.
  9160 | D:9      | Found a hide-covered altar of Uskayaw.
  9162 | D:9      | Found a sacrificial altar of Ru.
  9204 | D:9      | Reached skill level 10 in Crossbows
  9607 | D:9      | Bought a smoking ring mail for 261 gold pieces
  9618 | D:9      | Identified the +3 ring mail of Parts Unknown {rN+ MR- Dex+5} (You bought it in a shop on level 9 of the Dungeon)
  9620 | D:9      | Bought a faintly humming ring mail for 261 gold pieces
  9631 | D:9      | Identified the +4 ring mail of the City {Str+8 Int+3} (You bought it in a shop on level 9 of the Dungeon)
  9639 | D:9      | Gained mutation: You expend magic power (3 MP) to strengthen your wands. [mutagenic glow]
  9659 | D:9      | Found a runed door.
  9678 | D:9      | Found a runed door.
  9704 | D:9      | Found a snail-covered altar of Cheibriados.
  9716 | D:9      | Found an iron altar of Okawaru.
  9750 | D:9      | Found a blossoming altar of Fedhas.
 10192 | D:9      | Noticed a two-headed ogre
 10206 | D:9      | Killed a two-headed ogre
 10206 | D:9      | Reached XP level 11. HP: 32/84 MP: 19/19
 10601 | D:10     | Entered Level 10 of the Dungeon
 10654 | D:10     | Noticed a death yak
 10655 | D:10     | Found a staircase to the Lair.
 10657 | D:10     | Noticed a death yak
 10658 | D:10     | Noticed Maurice
 10668 | D:10     | Noticed a death yak
 10767 | D:11     | Noticed a cyan ugly thing
 10796 | D:11     | Killed a cyan ugly thing
 10817 | D:11     | Found a staircase to the Orcish Mines.
 10825 | D:11     | Found Bugos's Armour Boutique.
 11167 | D:11     | Reached skill level 5 in Conjurations
 11167 | D:11     | Reached skill level 5 in Hexes
 11167 | D:11     | Reached skill level 5 in Charms
 11167 | D:11     | Reached skill level 5 in Summonings
 11167 | D:11     | Reached skill level 5 in Necromancy
 11167 | D:11     | Reached skill level 5 in Translocations
 11167 | D:11     | Reached skill level 5 in Transmutations
 11167 | D:11     | Reached skill level 5 in Fire Magic
 11167 | D:11     | Reached skill level 5 in Ice Magic
 11167 | D:11     | Reached skill level 5 in Air Magic
 11167 | D:11     | Reached skill level 5 in Earth Magic
 11167 | D:11     | Reached skill level 5 in Poison Magic
 11185 | D:11     | Got a shimmering leather armour
 11196 | D:11     | Identified the +3 leather armour of the Endless Emperors {Str+4} (You found it on level 11 of the Dungeon)
 11787 | D:11     | Found a bloodstained altar of Trog.
 11966 | D:11     | Noticed an unseen horror
 11980 | D:11     | Killed an unseen horror
 12109 | D:11     | Found Affalik's Magic Scroll Shop.
 12119 | D:11     | Bought a scroll of enchant armour for 97 gold pieces
 12767 | Orc:1    | Entered Level 1 of the Orcish Mines
 12882 | Orc:1    | Found a roughly hewn altar of Beogh.
 13016 | Orc:1    | Noticed satyrikal's ghost (journeyman GrMo)
 13882 | Lair:1   | Entered Level 1 of the Lair of Beasts
 15124 | Lair:1   | Got a black opal-studded leather armour
 15135 | Lair:1   | Identified the +1 leather armour "Sadezxe" {Str+6} (You found it on level 1 of the Lair of Beasts)
 15694 | Lair:2   | Reached XP level 12. HP: 58/93 MP: 22/22
 15942 | Lair:2   | HP: 2/93 [electric eel/bolt of electricity (8)]
 15943 | Lair:2   | Killed from afar by an electric eel

Skill      XL: |  1  2  3  4  5  6  7  8  9 10 11 |
---------------+----------------------------------+-----
Invocations    | 1 2 3 4 5 6 7 |  7.4
Short Blades   | 1 2 3 4 5 6 |  6.7
Long Blades    | 1 2 3 4 5 6 |  6.7
Axes           | 1 2 3 4 5 6 |  6.7
Maces & Flails | 1 2 3 4 5 6 |  6.7
Polearms       | 1 2 3 4 5 6 |  6.7
Staves         | 1 2 3 4 5 6 |  6.7
Slings         | 1 2 3 4 5 6 |  6.7
Bows           | 1 2 3 4 5 6 |  6.7
Throwing       | 1 2 3 4 5 6 |  6.7
Armour         | 1 2 3 4 5 6 |  6.7
Shields        | 1 2 3 4 5 6 |  6.7
Unarmed Combat | 1 2 3 4 5 6 |  6.7
Spellcasting   | 1 2 3 4 5 6 |  6.7
Evocations     | 1 2 3 4 5 6 |  6.7
Conjurations   | 1 2 3 4 5 |  5.6
Hexes          | 1 2 3 4 5 |  5.6
Charms         | 1 2 3 4 5 |  5.6
Summonings     | 1 2 3 4 5 |  5.6
Necromancy     | 1 2 3 4 5 |  5.6
Translocations | 1 2 3 4 5 |  5.6
Transmutations | 1 2 3 4 5 |  5.6
Fire Magic     | 1 2 3 4 5 |  5.6
Ice Magic      | 1 2 3 4 5 |  5.6
Air Magic      | 1 2 3 4 5 |  5.6
Earth Magic    | 1 2 3 4 5 |  5.6
Poison Magic   | 1 2 3 4 5 |  5.6
Stealth        | 3 4 5 6 7 |  7.2
Fighting       | 5 6 7 8 |  8.2
Dodging        | 5 6 7 8 |  8.2
Crossbows      | 9 10 | 10.8

Action                   |  1- 3 |  4- 6 |  7- 9 | 10-12 || total
-------------------------+-------+-------+-------+-------++-------
Melee: Short sword       |    23 |       |       |       ||    23
       Bite              |     9 |    18 |    45 |   130 ||   202
       Mace              |    55 |   162 |   375 |   723 ||  1315
       Punch             |       |     1 |     6 |    26 ||    33
 Fire: Hand crossbow     |       |       |    48 |   106 ||   154
Invok: Call Merchant     |       |       |       |     1 ||     1
Evoke: Wand              |       |       |       |     1 ||     1
  Use: Potion            |     1 |     1 |     2 |     4 ||     8
       Scroll            |       |     8 |       |    10 ||    18
 Stab: Sleeping          |     4 |     3 |    10 |     8 ||    25
       Distracted        |       |       |     1 |     1 ||     2
  Eat: Chunk             |     3 |     5 |     3 |       ||    11
       Ration            |       |       |     5 |     6 ||    11
Armor: Leather armour    |    40 |     2 |   125 |    67 ||   234
       Ring mail         |       |    83 |    25 |   380 ||   488
       Skin              |       |       |    27 |       ||    27
Dodge: Dodged            |   103 |   142 |   302 |   793 ||  1340
